BSA
SPRINGFIELD STARS @ AUSTIN RIVER SHARKS
06/17/2024
 
TOP OF THE 1ST
Springfield Stars batting - Pitching for Austin River Sharks : RHP Ramón Estrada
Pitching: RHP Ramón Estrada
Batting: LHB Jesús Tobías 0-0: Ball
1-0: Called Strike
1-1: Called Strike
1-2: Ball
2-2: Foul Ball, location: 2F
2-2: DOUBLE (Groundball, 3L)
Batting: LHB César Valentín 0-0: Ball
1-0: Ground out 1-3 (Groundball, 13)
Jesús Tobías to third
Batting: LHB Ryan Drake 0-0: Ball
1-0: Ball
2-0: SINGLE (Line Drive, 34)
Jesús Tobías scores
Batting: RHB José Pinto 0-0: Ball
1-0: Foul Ball, location: 2F
1-1: Foul Ball, location: 2F
1-2: Foul Ball, location: 2F
1-2: Foul Ball, location: 2F
1-2: Foul Ball, location: 2F
1-2: SINGLE (Line Drive, 6D)
Ryan Drake to second
Batting: RHB Miguel Salinas 0-0: Ball
1-0: Foul Ball, location: 2F
1-1: SINGLE (Line Drive, 8RS)
Ryan Drake to third
José Pinto to second
Batting: LHB Derek Davidson 0-0: Ball
1-0: Called Strike
1-1: Ball
2-1: Foul Ball, location: 2F
2-2: Fielders Choice at 2nd, 3-6 (Groundball, 34)
Ryan Drake scores
José Pinto to third
Batting: RHB Calvin Bennett 0-0: Ball
1-0: Ball
2-0: Called Strike
2-1: Swinging Strike
2-2: Ball
3-2: Base on Balls
Derek Davidson to second
Batting: LHB Felipe Guerrero 0-0: Foul Ball, location: 2F
0-1: Swinging Strike
0-2: Foul Ball, location: 2F
0-2: Foul Ball, location: 2F
0-2: Ball
1-2: Foul Ball, location: 2F
1-2: Ball
2-2: Ball
3-2: Ground out U3 (Groundball, 3S)
Top of the 1st over - 2 run(s), 4 hit(s), 0 error(s), 3 left on base; Springfield 2 - Austin 0
BOTTOM OF THE 1ST
Austin River Sharks batting - Pitching for Springfield Stars : LHP Joaquín Gonzáles
Pitching: LHP Joaquín Gonzáles
Batting: RHB Hidetada Kichida 0-0: Bunt for hit - play at first, batter safe!
Batting: RHB Edouard Padovano 0-0: Ball
1-0: Called Strike
1-1: Ball
2-1: Called Strike
2-2: Ball
3-2: Foul Ball, location: 2F
3-2: Strikes out swinging
Batting: LHB Roberto García 0-0: Ball
1-0: Foul Ball, location: 2F
1-1: Ball
2-1: Foul Ball, location: 2F
2-2: Grounds into double play, 5-4-3 (Groundball, 5)
Bottom of the 1st over - 0 run(s), 1 hit(s), 0 error(s), 0 left on base; Springfield 2 - Austin 0
TOP OF THE 2ND
Springfield Stars batting - Pitching for Austin River Sharks : RHP Ramón Estrada
Batting: RHB Juan Rodríguez 0-0: Ball
1-0: Called Strike
1-1: Foul Ball, location: 2F
1-2: Ground out 1-3 (Groundball, 15)
Batting: LHB Jesús Tobías 0-0: Ball
1-0: Called Strike
1-1: Foul Ball, location: 2F
1-2: Foul Ball, location: 2F
1-2: Ball
2-2: Foul Ball, location: 2F
2-2: Strikes out swinging
Batting: LHB César Valentín 0-0: Foul Ball, location: 2F
0-1: Ball
1-1: Foul Ball, location: 2F
1-2: Ball
2-2: Ball
3-2: Foul Ball, location: 2F
3-2: Fly out, F7 (Flyball, 7LM)
Top of the 2nd over - 0 run(s), 0 hit(s), 0 error(s), 0 left on base; Springfield 2 - Austin 0
BOTTOM OF THE 2ND
Austin River Sharks batting - Pitching for Springfield Stars : LHP Joaquín Gonzáles
Batting: LHB Luis Padilla 0-0: Swinging Strike
0-1: Called Strike
0-2: Ball
1-2: Foul Ball, location: 2F
1-2: Ball
2-2: Foul Ball, location: 2F
2-2: Foul Ball, location: 2F
2-2: Ball
3-2: SINGLE (Groundball, 34D)
Batting: RHB Rich Ruffin 0-0: Called Strike
0-1: Ball
1-1: Ball
2-1: Foul Ball, location: 2F
2-2: 2-RUN HOME RUN (Flyball, 89XD), Distance : 395 ft
Batting: LHB Pedro Zaragoza 0-0: Ball
1-0: Ball
2-0: Called Strike
2-1: Foul Ball, location: 2F
2-2: Foul Ball, location: 2F
2-2: Ground out U3 (Groundball, 3)
Batting: SHB Juan Castro 0-0: Ball
1-0: Foul Ball, location: 2F
1-1: Foul Ball, location: 2F
1-2: Ball
2-2: Strikes out swinging
Batting: RHB Kenneth Roberts 0-0: Ball
1-0: Ball
2-0: Fly out, F9 (Flyball, 89M)
Bottom of the 2nd over - 2 run(s), 2 hit(s), 0 error(s), 0 left on base; Springfield 2 - Austin 2
TOP OF THE 3RD
Springfield Stars batting - Pitching for Austin River Sharks : RHP Ramón Estrada
Batting: LHB Ryan Drake 0-0: Called Strike
0-1: Ball
1-1: Ball
2-1: Ball
3-1: SINGLE (Line Drive, 8RS)
Batting: RHB José Pinto 0-0: Hit by Pitch
Ryan Drake to second
Batting: RHB Miguel Salinas 0-0: Grounds into double play, 4-6-3 (Groundball, 34)
Ryan Drake to third
Batting: LHB Derek Davidson 0-0: SINGLE (Groundball, 4MD)
Ryan Drake scores
Batting: RHB Calvin Bennett 0-0: Called Strike
0-1: Ball
1-1: Ball
2-1: Fly out, F8 (Flyball, 8LXD)
Top of the 3rd over - 1 run(s), 2 hit(s), 0 error(s), 1 left on base; Springfield 3 - Austin 2
BOTTOM OF THE 3RD
Austin River Sharks batting - Pitching for Springfield Stars : LHP Joaquín Gonzáles
Batting: RHB José Balina 0-0: Ground out 6-3 (Groundball, 6S)
Batting: RHB Hidetada Kichida 0-0: Ball
1-0: Ball
2-0: Called Strike
2-1: Ground out 4-3 (Groundball, 34)
Batting: RHB Edouard Padovano 0-0: Ball
1-0: Called Strike
1-1: Ground out 5-3 (Groundball, 5S)
Bottom of the 3rd over - 0 run(s), 0 hit(s), 0 error(s), 0 left on base; Springfield 3 - Austin 2
TOP OF THE 4TH
Springfield Stars batting - Pitching for Austin River Sharks : RHP Ramón Estrada
Batting: LHB Felipe Guerrero 0-0: Ball
1-0: Called Strike
1-1: SINGLE (Groundball, 15) (infield hit)
Batting: RHB Juan Rodríguez 0-0: Fly out, F8 (Flyball, 8RM)
Batting: LHB Jesús Tobías 0-0: Ball
1-0: Called Strike
1-1: Fielders Choice at 2nd, 3-6 (Groundball, 3)
Batting: LHB César Valentín 0-0: Ball
Jesús Tobías is caught stealing 2nd base
Top of the 4th over - 0 run(s), 1 hit(s), 0 error(s), 0 left on base; Springfield 3 - Austin 2
BOTTOM OF THE 4TH
Austin River Sharks batting - Pitching for Springfield Stars : LHP Joaquín Gonzáles
Batting: LHB Roberto García 0-0: Ball
1-0: Called Strike
1-1: Fly out, F7 (Popup, 7LS)
Batting: LHB Luis Padilla 0-0: Foul Ball, location: 2F
0-1: Called Strike
0-2: Foul Ball, location: 2F
0-2: Strikes out swinging
Batting: RHB Rich Ruffin 0-0: SINGLE (Groundball, 3D)
Batting: LHB Pedro Zaragoza 0-0: Ball
1-0: Foul Ball, location: 2F
1-1: Ball
2-1: Fly out, F7 (Popup, 8LS)
Bottom of the 4th over - 0 run(s), 1 hit(s), 0 error(s), 1 left on base; Springfield 3 - Austin 2
TOP OF THE 5TH
Springfield Stars batting - Pitching for Austin River Sharks : RHP Ramón Estrada
Batting: LHB César Valentín 0-0: Ground out 5-3 (Groundball, 5L)
Batting: LHB Ryan Drake 0-0: Called Strike
0-1: Ball
1-1: DOUBLE (Line Drive, 3L)
Batting: RHB José Pinto 0-0: Called Strike
0-1: Ground out 5-3 (Groundball, 56S)
Ryan Drake to third
Batting: RHB Miguel Salinas 0-0: Called Strike
0-1: Ball
1-1: Called Strike
1-2: Ball
2-2: Strikes out looking
Top of the 5th over - 0 run(s), 1 hit(s), 0 error(s), 1 left on base; Springfield 3 - Austin 2
BOTTOM OF THE 5TH
Austin River Sharks batting - Pitching for Springfield Stars : LHP Joaquín Gonzáles
Batting: SHB Juan Castro 0-0: Called Strike
0-1: Bunt for hit - play at first, batter OUT! 2-3
Batting: RHB Kenneth Roberts 0-0: Swinging Strike
0-1: Called Strike
0-2: Ball
1-2: Foul Ball, location: 2F
1-2: Ball
2-2: Foul Ball, location: 2F
2-2: Foul Ball, location: 2F
2-2: SINGLE (Groundball, 56)
Batting: RHB José Balina 0-0: Swinging Strike
0-1: Foul Ball, location: 2F
0-2: Foul Ball, location: 2F
0-2: Ball
1-2: Strikes out swinging
Batting: RHB Hidetada Kichida 0-0: Called Strike
0-1: Ball
1-1: Ball
2-1: SINGLE (Line Drive, 6MD)
Kenneth Roberts to second
Batting: RHB Edouard Padovano 0-0: Foul Ball, location: 2F
0-1: DOUBLE (Line Drive, 89D)
Kenneth Roberts scores
Hidetada Kichida to third
Runner from 3rd tries for Home, SAFE, no throw or cutoff
Batting: LHB Roberto García 0-0: Called Strike
0-1: Ball
1-1: Fly out, F8 (Line Drive, 8RM)
Bottom of the 5th over - 2 run(s), 3 hit(s), 0 error(s), 1 left on base; Springfield 3 - Austin 4
TOP OF THE 6TH
Springfield Stars batting - Pitching for Austin River Sharks : RHP Ramón Estrada
Batting: LHB Derek Davidson 0-0: Called Strike
0-1: Ground out 4-3 (Groundball, 34)
Batting: RHB Calvin Bennett 0-0: Ball
1-0: Ball
2-0: Fly out, F9 (Flyball, 9M)
Batting: LHB Felipe Guerrero 0-0: Ball
1-0: Foul Ball, location: 2F
1-1: Ball
2-1: Foul Ball, location: 2F
2-2: SINGLE (Groundball, 2R) (infield hit)
Batting: RHB Juan Rodríguez 0-0: Swinging Strike
0-1: Ball
1-1: Fly out, F3 (Popup, 34S)
Top of the 6th over - 0 run(s), 1 hit(s), 0 error(s), 1 left on base; Springfield 3 - Austin 4
BOTTOM OF THE 6TH
Austin River Sharks batting - Pitching for Springfield Stars : LHP Joaquín Gonzáles
Batting: LHB Luis Padilla 0-0: Foul Ball, location: 2F
0-1: Ball
1-1: Ball
2-1: Ball
3-1: Foul Ball, location: 2F
3-2: SINGLE (Groundball, 3D)
Batting: RHB Rich Ruffin 0-0: Called Strike
0-1: 2-RUN HOME RUN (Flyball, 9D), Distance : 390 ft
Batting: LHB Pedro Zaragoza 0-0: Ball
1-0: Ball
2-0: Foul Ball, location: 2F
2-1: Ball
3-1: Ground out 1-3 (Groundball, 13S)
Batting: SHB Juan Castro 0-0: Foul Ball, location: 2F
0-1: Fly out, F6 (Popup, 5D)
Batting: RHB Kenneth Roberts 0-0: Foul Ball, location: 2F
0-1: Ground out 5-3 (Groundball, 5S)
Bottom of the 6th over - 2 run(s), 2 hit(s), 0 error(s), 0 left on base; Springfield 3 - Austin 6
TOP OF THE 7TH
Springfield Stars batting - Pitching for Austin River Sharks : RHP Ramón Estrada
Batting: LHB Jesús Tobías 0-0: Fly out, F5 (Popup, 5L)
Batting: LHB César Valentín 0-0: Ball
1-0: Ball
2-0: Called Strike
2-1: Ground out 1-3 (Groundball, 23)
Batting: LHB Ryan Drake 0-0: Ball
1-0: Ground out 5-3 (Groundball, 56S)
Top of the 7th over - 0 run(s), 0 hit(s), 0 error(s), 0 left on base; Springfield 3 - Austin 6
BOTTOM OF THE 7TH
Austin River Sharks batting - Pitching for Springfield Stars : LHP Joaquín Gonzáles
Pitching: RHP Dae-hee Ch'oe
Batting: RHB José Balina 0-0: Called Strike
0-1: Called Strike
0-2: Ball
1-2: Ball
2-2: Ball
3-2: Foul Ball, location: 2F
3-2: Base on Balls
Batting: RHB Hidetada Kichida 0-0: Bunt missed!
0-1: Bunted foul
0-2: Foul Ball, location: 2F
0-2: Ball
1-2: Ball
2-2: Foul Ball, location: 2F
2-2: Ball
3-2: Base on Balls
José Balina to second
Batting: RHB Edouard Padovano 0-0: Swinging Strike
0-1: Called Strike
0-2: Strikes out swinging
Batting: LHB Roberto García 0-0: Called Strike
0-1: Ball
1-1: Ball
2-1: Foul Ball, location: 2F
2-2: SINGLE (Flyball, 7S)
José Balina to third
Hidetada Kichida to second
Runner from 3rd tries for Home, SAFE, no throw or cutoff
Batting: LHB Luis Padilla 0-0: Reached on error, E1 (Groundball, 13)
Hidetada Kichida to third
Roberto García to second
Batting: RHB Rich Ruffin 0-0: Ball
1-0: Ball
Wild Pitch!
Hidetada Kichida scores
Roberto García to third
Luis Padilla to second
2-0: Called Strike
2-1: Foul Ball, location: 2F
2-2: Fly out, F9 (Popup, 89M)
Runner from 3rd tags up, SCORES, throw made
Pitching: LHP Jeremy Meyer
Batting: LHB Pedro Zaragoza 0-0: Ball
1-0: Called Strike
1-1: Foul Ball, location: 2F
1-2: Strikes out swinging
Bottom of the 7th over - 3 run(s), 1 hit(s), 1 error(s), 1 left on base; Springfield 3 - Austin 9
TOP OF THE 8TH
Springfield Stars batting - Pitching for Austin River Sharks : RHP Ramón Estrada
Pitching: RHP Armen Boyajian
Now in RF: Miguel Pérez
Batting: RHB José Pinto 0-0: Ball
1-0: Called Strike
1-1: Foul Ball, location: 2F
1-2: SOLO HOME RUN (Flyball, 7D), Distance : 412 ft
Batting: RHB Miguel Salinas 0-0: SINGLE (Flyball, 8RM)
Batting: LHB Derek Davidson 0-0: Ball
1-0: Called Strike
1-1: Ball
2-1: Fly out, F9 (Line Drive, 89D)
Batting: RHB Calvin Bennett 0-0: Ball
1-0: Ball
2-0: Ball
3-0: Called Strike
3-1: Foul Ball, location: 2F
3-2: Fly out, F3 (Popup, 3SF)
Batting: LHB Felipe Guerrero 0-0: Ball
Passed Ball!
Miguel Salinas to second
1-0: Foul Ball, location: 2F
1-1: Swinging Strike
1-2: Foul Ball, location: 2F
1-2: Foul Ball, location: 2F
1-2: Ball
2-2: Ground out U3 (Groundball, 3L)
Top of the 8th over - 1 run(s), 2 hit(s), 0 error(s), 1 left on base; Springfield 4 - Austin 9
BOTTOM OF THE 8TH
Austin River Sharks batting - Pitching for Springfield Stars : LHP Jeremy Meyer
Batting: SHB Juan Castro 0-0: Foul Ball, location: 2F
0-1: Ball
1-1: Ball
2-1: Ball
3-1: Foul Ball, location: 2F
3-2: Base on Balls
Batting: RHB Kenneth Roberts 0-0: Ball
1-0: Sac Bunt - play at first, batter OUT! 1-3
Juan Castro to second
Batting: RHB José Balina 0-0: Called Strike
0-1: Fly out, F9 (Flyball, 89S)
Batting: RHB Hidetada Kichida 0-0: Called Strike
0-1: Ball
1-1: Ball
2-1: SINGLE (Line Drive, 4D)
Juan Castro to third
Batting: RHB Edouard Padovano 0-0: Ball
1-0: Foul Ball, location: 2F
1-1: Foul Ball, location: 2F
1-2: Ball
2-2: Fly out, F7 (Flyball, 7D)
Bottom of the 8th over - 0 run(s), 1 hit(s), 0 error(s), 2 left on base; Springfield 4 - Austin 9
TOP OF THE 9TH
Springfield Stars batting - Pitching for Austin River Sharks : RHP Armen Boyajian
Batting: RHB Juan Rodríguez 0-0: Ground out 5-3 (Groundball, 5S)
Batting: LHB Jesús Tobías 0-0: Swinging Strike
0-1: Fly out, F7 (Flyball, 7LD)
Batting: LHB César Valentín 0-0: Ball
1-0: SINGLE (Line Drive, 5D)
Batting: LHB Ryan Drake 0-0: Called Strike
0-1: Ball
1-1: Foul Ball, location: 2F
1-2: Fly out, F8 (Flyball, 8RS)
Top of the 9th over - 0 run(s), 1 hit(s), 0 error(s), 1 left on base; Springfield 4 - Austin 9
This league is powered by Out of the Park Baseball, the baseball management simulation game for PC, Mac and Linux
Saturday, April 9th, 2016 - OOTP Baseball 16.8 Build 38